 Dungeon Crawl Stone Soup version 0.23-a0-814-g91b4073 (webtiles) character file.

89 tidbits the Covered (level 4, -12/41 HPs)
             Began as a Gnoll Wanderer on Jan 21, 2019.
             Mangled by an ogre
             ... wielding a +0 giant club
              (31 damage)
             ... on level 6 of the Dungeon.
             The game lasted 00:02:47 (243 turns).

tidbits the Covered (Gnoll Wanderer)                 Turns: 243, Time: 00:02:48

Health: -12/41     AC:  3    Str: 15    XL:     4   Next: 55%
Magic:  7/7        EV: 12    Int: 18    God:
Gold:   23         SH:  0    Dex: 11    Spells: 5/5 levels left

rFire    . . .     SeeInvis .   a - +2 shortbow
rCold    . . .     Gourm    .   (shield currently unavailable)
rNeg     . . .     Faith    .   B - +0 robe
rPois    .         Spirit   .   (no helmet)
rElec    .         Reflect  .   (no cloak)
rCorr    .         Harm     .   G - +0 pair of gloves
MR       .....                  (no boots)
Stlth    ++........             (no amulet)
HPRegen  0.13/turn              (no ring)
MPRegen  0.10/turn              (no ring)

@: no status effects
A: distributed training, fangs 1, strong nose
a: no special abilities


You were on level 6 of the Dungeon.
You were not hungry.

You visited 1 branch of the dungeon, and saw 4 of its levels.

You collected 23 gold pieces.

Inventory:

Hand Weapons
 a - a +2 shortbow (weapon)
 b - a +0 hand axe
 e - a +0 whip
Missiles
 c - 7 arrows (quivered)
 g - 5 curare-tipped needles
 n - 6 silver javelins
Armour
 B - a +0 robe (worn)
 G - a +0 pair of gloves (worn)
Wands
 m - a wand of iceblast (9)
Scrolls
 h - 3 scrolls of remove curse {unknown}
 i - 3 scrolls of magic mapping {unknown}
 j - a scroll of random uselessness {unknown}
 k - 2 scrolls of teleportation {unknown}
Potions
 d - 2 potions of lignification
 l - a potion of haste {unknown}
Comestibles
 f - 3 rations


   Skills:
 + Level 6.6 Fighting
 + Level 1.1 Short Blades
 + Level 1.1 Long Blades
 + Level 1.1 Axes
 + Level 1.1 Maces & Flails
 + Level 1.1 Polearms
 + Level 1.1 Staves
 + Level 1.1 Slings
 + Level 4.6 Bows
 + Level 1.1 Crossbows
 + Level 1.1 Throwing
 + Level 6.6 Armour
 + Level 1.1 Dodging
 + Level 1.1 Stealth
 + Level 1.1 Shields
 + Level 1.1 Unarmed Combat
 + Level 1.1 Spellcasting
 + Level 0.9 Conjurations
 + Level 0.9 Hexes
 + Level 0.9 Charms
 + Level 0.9 Summonings
 + Level 0.9 Necromancy
 + Level 0.9 Translocations
 + Level 0.9 Transmutations
 + Level 0.9 Fire Magic
 + Level 0.9 Ice Magic
 + Level 0.9 Air Magic
 + Level 0.9 Earth Magic
 + Level 0.9 Poison Magic
 + Level 1.2 Invocations
 + Level 4.6 Evocations


You had 5 spell levels left.
You didn't know any spells.
Your spell library was empty.

Dungeon Overview and Level Annotations

Branches:
Dungeon (3/15)

Altars:


Innate Abilities, Weirdness & Mutations

Your experience applies equally to all skills.
You have very sharp teeth.
Your uncanny sense of smell can sniff out nearby items.


Message History

You feel clever.
Firing (i - inventory)
c - 7 arrows (quivered)
Press: ? - help, Shift-Dir - straight line, f/p - adder zombie
Aim: an adder zombie (moderately damaged)
You shoot an arrow. The arrow hits the adder zombie!
The adder zombie is severely damaged.
The adder zombie closely misses you.
Firing (i - inventory)
c - 6 arrows (quivered)
Press: ? - help, Shift-Dir - straight line, f/p - adder zombie
Aim: an adder zombie (severely damaged)
You shoot an arrow.
The arrow barely misses the adder zombie.
The adder zombie bites you.
* * * LOW HITPOINT WARNING * * *
Firing (i - inventory)
c - 5 arrows (quivered)
Press: ? - help, Shift-Dir - straight line, f/p - adder zombie
Aim: an adder zombie (severely damaged)
You shoot an arrow. The arrow hits the adder zombie.
You destroy the adder zombie!
There are no items here.
There is an open door, spattered with blood here.
Things that are here:
7 arrows; a bullfrog corpse
c - 11 arrows (gained 7)
You see here 2 arrows.
c - 13 arrows (gained 2)
You see here a potion of lignification.
d - 2 potions of lignification (gained 1)
There is an open door, spattered with blood here.
You see here a bullfrog corpse.
Found a ration.
Found a pair of gloves.
Unknown command.
Unknown command.
Found a stone staircase leading down.
Found 6 silver javelins.
You see here a ration.
f - 3 rations (gained 1)
You see here a pair of gloves.
n - a pair of gloves Wear which item? (? for menu, Esc to quit)
You start putting on your armour.
You continue putting on your pair of gloves. x4
You finish putting on your +0 pair of gloves.
Adjust (i)tems, (s)pells, or (a)bilities?
Adjust which item? (? for menu, Esc to quit)
n - a +0 pair of gloves (worn)
Adjust to which letter? (? for menu, Esc to quit)
G - a +0 pair of gloves (worn)
You see here 6 silver javelins.
n - 6 silver javelins A crimson imp comes into view.
The crimson imp shouts!
Unknown command.
Firing (i - inventory. (/) - cycle)
c - 13 arrows (quivered)
Press: ? - help, Shift-Dir - straight line, f - crimson imp
Aim: a crimson imp You shoot an arrow.
The arrow hits the crimson imp.
The crimson imp is moderately wounded.
The crimson imp blinks!
Firing (i - inventory. (/) - cycle)
c - 12 arrows (quivered)
Press: ? - help, Shift-Dir - straight line, f - you Really target yourself?
Uppercase [Y]es or [N]o only, please.
Really target yourself?
Okay, then.
You open the door.
An ogre comes into view. It is wielding a +0 giant club.
Unknown command.
A worker ant comes into view.
Found a scroll labeled POPOAJ EGAR.
Unknown command.
Unknown command.
Firing (i - inventory. (/) - cycle)
c - 12 arrows (quivered)
Press: ? - help, Shift-Dir - straight line, f - ogre
Aim: an ogre, wielding a +0 giant club You shoot an arrow.
The arrow barely misses the ogre.
Firing (i - inventory. (/) - cycle)
c - 11 arrows (quivered)
Press: ? - help, Shift-Dir - straight line, f/p - ogre
Aim: an ogre, wielding a +0 giant club You shoot an arrow.
The arrow hits the ogre.
The ogre is lightly wounded.
Firing (i - inventory. (/) - cycle)
c - 10 arrows (quivered)
Press: ? - help, Shift-Dir - straight line, f/p - ogre
Aim: an ogre, wielding a +0 giant club (lightly wounded)
You shoot an arrow. The arrow hits the ogre.
The ogre is moderately wounded.
Firing (i - inventory. (/) - cycle)
c - 9 arrows (quivered)
Press: ? - help, Shift-Dir - straight line, f/p - ogre
Aim: an ogre, wielding a +0 giant club (moderately wounded)
You shoot an arrow. The arrow hits the ogre.
The ogre is moderately wounded.
The ogre closely misses you.
Firing (i - inventory. (/) - cycle)
c - 8 arrows (quivered)
Press: ? - help, Shift-Dir - straight line, f/p - ogre
Aim: an ogre, wielding a +0 giant club (moderately wounded)
You shoot an arrow. The arrow barely misses the ogre.
The ogre hits you with a +0 giant club!!
Ouch! That really hurt!
You die...

#.##.##.### ...# ..
#...#...######...# ..
######..##.......###
## ∆ #.#.#.#.......
+.....#.#.#.##
##..#.#.#....#
∆#.###....#..#
∆#.##.....#..###
∆#.#@.#........#
########(O#.##.###...#
#.....((..#...>..#####
?a...#...####.#.# ####
#...# #.#.# ∆
.......... .
#.5######..... ...#
#.....# ..... #.....#


You could see an ogre and a crimson imp.

Vanquished Creatures
  A bullfrog (D:6)
  An adder (D:3)
  An adder zombie (D:6)
  A bat (D:2)
  2 giant cockroaches (D:3)
  A quokka (D:3)
  2 kobolds
  2 rats (D:2)
11 creatures vanquished.

Notes
Turn   | Place    | Note
-------+----------+-------------------------------------------
     0 | D:1      | tidbits the Gnoll Wanderer began the quest for the Orb.
     0 | D:1      | tidbits set off with the following items: a +2 shortbow, 22
                  | arrows, a +0 hand axe, a potion of lignification, a +0
                  | robe, a ration
     0 | D:1      | Reached XP level 1. HP: 23/23 MP: 3/3
   142 | D:3      | Reached XP level 2. HP: 29/29 MP: 5/5
   173 | D:3      | You fall through a shaft for 3 floors!
   182 | D:6      | Noticed a bullfrog
   189 | D:6      | Killed a bullfrog
   189 | D:6      | Reached skill level 1 in Short Blades
   189 | D:6      | Reached skill level 1 in Long Blades
   189 | D:6      | Reached skill level 1 in Axes
   189 | D:6      | Reached skill level 1 in Maces & Flails
   189 | D:6      | Reached skill level 1 in Polearms
   189 | D:6      | Reached skill level 1 in Staves
   189 | D:6      | Reached skill level 1 in Slings
   189 | D:6      | Reached skill level 1 in Crossbows
   189 | D:6      | Reached skill level 1 in Throwing
   189 | D:6      | Reached skill level 1 in Dodging
   189 | D:6      | Reached skill level 1 in Stealth
   189 | D:6      | Reached skill level 1 in Shields
   189 | D:6      | Reached skill level 1 in Unarmed Combat
   189 | D:6      | Reached skill level 1 in Spellcasting
   189 | D:6      | Reached skill level 1 in Invocations
   189 | D:6      | Reached XP level 3. HP: 13/35 MP: 6/6
   189 | D:6      | Reached XP level 4. HP: 15/41 MP: 7/7
   235 | D:6      | Noticed an ogre
   243 | D:6      | Mangled by an ogre

Vault maps used:
D:1:      zaba_arrival_water, st_stairs_5, minmay_unequal
D:2:      tso_altar, grunt_gozag_breadcrumbs
D:3:      amethyst_overflow_temple_binary,
          chequers_ecumenical_altar_simple_redux, eino_curves_02,
          amethyst_killhole
D:6:      lemuel_zombie_altar_yredelemnul, lemuel_doored_altar,
          marbit_many_paths, serial_bayou_lagoon_a, minmay_divided_ellipse

Skill      XL: |  1  2 |
---------------+-------+-----
Short Blades   | 1 |  1.1
Long Blades    | 1 |  1.1
Axes           | 1 |  1.1
Maces & Flails | 1 |  1.1
Polearms       | 1 |  1.1
Staves         | 1 |  1.1
Slings         | 1 |  1.1
Crossbows      | 1 |  1.1
Throwing       | 1 |  1.1
Dodging        | 1 |  1.1
Stealth        | 1 |  1.1
Shields        | 1 |  1.1
Unarmed Combat | 1 |  1.1
Spellcasting   | 1 |  1.1
Invocations    | 1 |  1.2
Fighting       | |  6.6
Bows           | |  4.6
Armour         | |  6.6
Conjurations   | |  0.9
Hexes          | |  0.9
Charms         | |  0.9
Summonings     | |  0.9
Necromancy     | |  0.9
Translocations | |  0.9
Transmutations | |  0.9
Fire Magic     | |  0.9
Ice Magic      | |  0.9
Air Magic      | |  0.9
Earth Magic    | |  0.9
Poison Magic   | |  0.9
Evocations     | |  4.6

Action                   |  1- 3 |  4- 6 || total
-------------------------+-------+-------++-------
 Fire: Shortbow          |    32 |     9 ||    41
Armor: Robe              |     2 |       ||     2
Dodge: Dodged            |    11 |     2 ||    13

Table legend:
 A = Non-vault XP
 B = Vault XP
 C = Vault XP percentage of total XP
 D = Non-vault monster count
 E = Vault monster count
 F = Vault count percentage of total count
                 A         B        C        D         E       F
            +---------+---------+-------+---------+---------+-------
      Total |      26 |     102 |  79.7 |       9 |       2 |  18.2
            +---------+---------+-------+---------+---------+-------
        D:1 |       1 |       0 |   0.0 |       1 |       0 |   0.0
        D:2 |       5 |       0 |   0.0 |       4 |       0 |   0.0
        D:3 |      20 |       0 |   0.0 |       4 |       0 |   0.0
        D:6 |       0 |     102 | 100.0 |       0 |       2 | 100.0
            +---------+---------+-------+---------+---------+-------

Table legend:
 A = Turns spent in this place as a percentage of turns spent in the entire game.
 B = Non-inter-level travel turns spent in this place as a percentage of non-inter-level travel turns spent in the entire game.
 C = Inter-level travel turns spent in this place as a percentage of turns spent in this place.
 D = Turns resting spent in this place as a percentage of non-inter-level travel turns spent in this place.
 E = Turns spent auto-exploring this place as a percentage of non-inter-level travel turns spent in this place.
 F = Non-inter-level travel turns spent in this place divided by the number of levels of this place that you've seen.
                   A       B       C       D       E      F
               +-------+-------+-------+-------+-------+----------------------
         Total | 100.0 | 100.0 |   0.0 |   0.0 |   0.0 |  60.8
       Dungeon | 100.0 | 100.0 |   0.0 |   0.0 |   0.0 |  60.8
               +-------+-------+-------+-------+-------+----------------------

Table legend:
 A = Kills in this place as a percentage of kills in entire the game.
 B = Kills by you in this place as a percentage of kills by you in the entire game.
 C = Kills by friends in this place as a percentage of kills by friends in the entire game.
 D = Other kills in this place as a percentage of other kills in the entire game.
 E = Experience gained in this place as a percentage of experience gained in the entire game.
 F = Experience gained in this place divided by the number of levels of this place that you have seen.
                   A       B       C       D       E      F
               +-------+-------+-------+-------+-------+----------------------
         Total | 100.0 | 100.0 |   N/A |   N/A | 100.0 |  32.0
       Dungeon | 100.0 | 100.0 |   N/A |   N/A | 100.0 |  32.0
               +-------+-------+-------+-------+-------+----------------------

Vault maps used:
D:1:      zaba_arrival_water, st_stairs_5, minmay_unequal
D:2:      tso_altar, grunt_gozag_breadcrumbs
D:3:      amethyst_overflow_temple_binary,
          chequers_ecumenical_altar_simple_redux, eino_curves_02,
          amethyst_killhole
D:6:      lemuel_zombie_altar_yredelemnul, lemuel_doored_altar,
          marbit_many_paths, serial_bayou_lagoon_a, minmay_divided_ellipse
